 Dungeon Crawl Stone Soup version 0.32-a0-12-g7fc57aa741 (webtiles) character file.

Game seed: 3295714106978117062

208064 Ambrosia the Slayer (level 18, -7/190 HPs)
             Began as a Minotaur Berserker on Jan 14, 2024.
             Was the Champion of Trog.
             Mangled by a redback (8 damage)
             ... on level 4 of the Spider Nest.
             The game lasted 01:14:29 (37911 turns).

Ambrosia the Slayer (Minotaur Berserker)           Turns: 37911, Time: 01:14:30

Health: -7/190     AC: 17    Str: 37 (38) XL:     18   Next: 11%
Magic:  0/17       EV: 20    Int:  4      God:    Trog [******]
Gold:   1070       SH: 20    Dex: 11 (13) Spells: 17/17 levels left

rFire   . . .        G - +8 trident of the Octopus King {venom, rElec rPois}
rCold   + . .        r - +5 kite shield
rNeg    + . .        B - +5 ring mail "Xinime Ovits" {rF- Str+9 Dex+2 Slay+2}
rPois   +            y - -2 hat of the Alchemist {rElec rPois rF+ rC+ rN+ Will+ rMut rCorr}
rElec   +            J - scarf {+Inv}
rCorr   +            D - +2 pair of gloves {hurl}
SInv    .            M - +0 pair of boots
Will    ++...        t - amulet of the acrobat
Stlth   +            C - +5 ring of evasion
HPRegen 0.51/turn    g - +4 ring of slaying
MPRegen 0.15/turn

%: acrobat, resist mutation
@: about to teleport, on berserk cooldown, slowed, studying Dodging, very slow
A: horns 2, retaliatory headbutt
}: 1/15 runes: barnacled
a: Renounce Religion, Evoke Invisibility, Berserk, Trog's Hand, Brothers in Arms


You were on level 4 of the Spider Nest.
You worshipped Trog.
Trog was exalted by your worship.
You visited 6 branches of the dungeon, and saw 31 of its levels.

You collected 3045 gold pieces.
You spent 1975 gold pieces at shops.

Inventory:

Hand Weapons
 G - the +8 trident of the Octopus King (weapon) {venom, rElec rPois}
   (You found it on level 5 of the Lair of Beasts)

   rElec:     It insulates you from electricity.
   rPois:     It protects you from poison
 N - a +7 demon trident of venom
 U - the +12 broad axe of Frustration {flame, rPois}
   (Trog gifted it to you on level 4 of the Spider Nest)

   rPois:     It protects you from poison
Missiles
 K - 7 throwing nets
Armour
 r - a +5 kite shield (worn)
 w - the +0 toga "Victory" {*Victory Clar}
   (You found it on level 9 of the Dungeon)

   *Victory:  When the wearer kills a threatening monster, it has a chance to
   gain +1 AC, +1 Slay, and +1 Int, capping at +7.
   When the wearer uses a scroll or a potion with a hostile monster in sight,
   its bonuses reset to +0.
   Unequipping it also resets its bonuses to +0.
   Clar:      It protects you from confusion, rage, mesmerisation and fear.
 y - the -2 hat of the Alchemist (worn) {rElec rPois rF+ rC+ rN+ Will+ rMut rCorr}
   (You bought it in a shop on level 2 of the Orcish Mines)

   rF+:       It protects you from fire.
   rC+:       It protects you from cold.
   rElec:     It insulates you from electricity.
   rPois:     It protects you from poison rN+: It protects you from negative
   energy.
   Will+:     It increases your willpower.
   rCorr:     It protects you from acid and corrosion.
   rMut:      It protects you from mutation.
 B - the +5 ring mail "Xinime Ovits" (worn) {rF- Str+9 Dex+2 Slay+2}
   (You found it on level 1 of the Lair of Beasts)

   Str+9:     It affects your strength (+9).
   Dex+2:     It affects your dexterity (+2).
   Slay+2:    It affects your accuracy & damage with ranged weapons and melee
   (+2).
   rF-:       It makes you vulnerable to fire.
 D - a +2 pair of gloves of hurling (worn)
 J - a scarf of invisibility (worn)
 M - a +0 pair of boots (worn)
Jewellery
 g - a +4 ring of slaying (right hand)
 j - an amulet of magic regeneration
 t - an amulet of the acrobat (around neck)
 C - a +5 ring of evasion (left hand)
 Q - a ring of resist corrosion
 T - a ring of positive energy
Wands
 e - a wand of flame (53)
 h - a wand of acid (15)
 l - a wand of paralysis (17)
 p - a wand of mindburst (31)
 s - a wand of roots (33)
 F - a wand of polymorph (26)
Scrolls
 m - 3 scrolls of torment
 n - 4 scrolls of teleportation
 x - 4 scrolls of fog
 H - a scroll of fear
 L - 10 scrolls of identify
 O - 6 scrolls of immolation
 P - a scroll of revelation
 R - a scroll of poison
Potions
 b - 7 potions of lignification
 c - 3 potions of attraction
 d - 7 potions of mutation
 f - 2 potions of cancellation
 i - 3 potions of degeneration
 k - 2 potions of magic
 q - a potion of resistance
 u - 4 potions of might
 v - 2 potions of enlightenment
 z - 6 potions of brilliance
 E - 2 potions of haste
 I - 7 potions of curing
Miscellaneous
 A - a phial of floods
 S - a box of beasts


   Skills:
 + Level 23.7 Fighting
 + Level 18.3 Polearms
 + Level 18.1 Armour
 * Level 11.7 Dodging
 + Level 22.7 Shields


You had 17 spell levels left.
You didn't know any spells.
Your spell library was empty.

Dungeon Overview and Level Annotations

Branches:
Dungeon (15/15) Zot: 26111  Temple (1/1) D:5 Zot: 5998    Lair (5/5) D:10 Zot: 22268
 Shoals (4/4) Lair:2 Zot: 18721  Spider (4/4) Lair:3 Zot: 19173   Slime (0/5) Lair:4
    Orc (2/2) D:12 Zot: 9111     Elf (0/3) Orc:2        Vaults (0/5) D:13
 Depths (0/4) D:15

Altars:
Ashenzari
Cheibriados
Dithmenos
Elyvilon
Fedhas
Hepliaklqana
Kikubaaqudgha
Makhleb
Nemelex Xobeh
Okawaru
Qazlal
Ru
Sif Muna
Trog
Uskayaw
Vehumet
Wu Jian
Xom
Yredelemnul
Zin
The Shining One
Jiyva

Shops:
D:7 :   D:11 *[!   Orc:1 (   Orc:2 :[*[   Shoals:2 (

Annotations:
Shoals:4 Polyphemus


Innate Abilities, Weirdness & Mutations

You have a pair of horns on your head.
You reflexively headbutt those who attack you in melee.


Message History

A spark wasp comes into view.
You feel you are being watched by something.
The moth of wrath goads the jumping spider on!
The jumping spider goes berserk!
Unknown command.
Unknown command.
Unknown command.
Unknown command.
Unknown command.
As you read the scroll of teleportation, it crumbles to dust.
You feel strangely unstable.
The spark wasp buzzes angrily.
The jumping spider rages.
The jumping spider completely misses you.
You furiously retaliate!
You headbutt the jumping spider!! The jumping spider misses you.
You block the jumping spider's attack. x2
The wolf spider hits you!
* * * LOW HITPOINT WARNING * * *
You block the wolf spider's attack. The redback misses you.
You furiously retaliate!
You headbutt the redback!!
You feel you are being watched by something.
You take 10 damage, and have 15/190 hp.
Unknown command.
Okay, then.
You feel much better.
You block the jumping spider's attack. x3
The jumping spider closely misses you. The wolf spider hits you!
* * * LOW HITPOINT WARNING * * *
The wolf spider bites you.
* * * LOW HITPOINT WARNING * * *
The redback bites you but does no damage.
Your butterfly evades a web.
The redback misses you.
You feel you are being watched by something.
The jumping spider barely misses you. The jumping spider closely misses you.
A redback comes into view.
The wolf spider hits you!
* * * LOW HITPOINT WARNING * * *
The wolf spider misses you. The redback closely misses you.
The redback bites you!
You die...

#s..... .......
..^....
##^....~^....#...
#^....^#.....#...
#......#.....≈.~
#.sy...b^s.bbb#
#@s.....#.b..b#
#ss...^##s.bb.#
y...^.##bbbbbb#
#......#bbbbbbb##
#^....^#bb†bbbb{#
#......#bbbbbb..#
#....^^##bbbb.bb#
#^......#^bbb.b.#
##b.bb..#


You could see a spark wasp, a wolf spider, a moth of wrath, a jumping spider
(berserk) and 3 redbacks.

Vanquished Creatures
  Arachne (Spider:2)
  Mlioglotl (Spider:3)
  Frances (Spider:1)
  Roxanne (D:14)
  2 emperor scorpions (Spider:4)
  Louise (D:14)
  2 ghost moths
  2 orc warlords
  A formless jellyfish (Shoals:4)
  2 very ugly things (D:15)
  An ironbound preserver (D:13)
  Nessos (D:14)
  A broodmother (Spider:3)
  A spark wasp (Spider:4)
  Snorg (D:14)
  5 merfolk javelineers
  3 entropy weavers
  4 merfolk impalers
  6 hydras
  2 jorogumos (Spider:3)
  An ogre mage (Orc:2)
  2 alligator snapping turtles
  4 merfolk avatars
  3 merfolk aquamancers (Shoals:4)
  An alligator (Shoals:1)
  2 radroaches
  A satyr (Shoals:4)
  Erica (Lair:2)
  3 two-headed ogres
  4 boulder beetles
  A catoblepas (Lair:3)
  8 centaur warriors
  7 death yaks
  6 demonic crawlers
  A tengu warrior (D:14)
  7 orc high priests
  5 skeletal warriors (D:13)
  5 pharaoh ants
  5 skysharks
  A deep troll (Lair:4)
  6 sea snakes
  An arcanist (D:13)
  12 orb spiders
  A glowing orange brain (D:15)
  2 sun moths
  5 steelbarb worms
  6 orc knights
  A deep elf pyromancer (D:13)
  19 harpies
  9 fauns
  6 orc sorcerers
  7 ugly things
  24 wolf spiders
  9 cyclopes
  A manticore (shapeshifter) (D:14)
  27 elephants
  2 moths of wrath (Spider:4)
  12 manticores
  8 meliai
  A meliai (shapeshifter) (D:14)
  8 kobold blastminers
  2 black mambas
  8 merfolk sirens
  10 cane toads
  8 torpor snails
  2 water nymphs
  A kobold demonologist (D:10)
  An unseen horror (D:11)
  3 rime drakes
  6 komodo dragons
  2 efreet (D:15)
  A wandering mushroom (Lair:4)
  8 trolls
  6 polar bears
  24 merfolk
  Grinder (D:6)
  2 wind drakes
  A queen bee (D:14)
  A hornet (D:9)
  A tarantella (shapeshifter) (D:15)
  11 snapping turtles
  20 tarantellas
  26 blink frogs
  4 dream sheep (Shoals:3)
  28 jumping spiders
  A shadow (D:11)
  A spriggan (Lair:2)
  17 culicivoras
  10 slime creatures
  4 basilisks
  3 wraiths
  6 water elementals
  Eustachio (D:4)
  58 yaks
  2 wyverns
  9 vampire mosquitoes
  36 redbacks
  3 steam dragons
  A warg (Orc:2)
  An acid dragon (D:11)
  13 water moccasins
  2 black bears
  57 orc warriors
  A sky beast (D:8)
  14 ogres
  8 wolves
  9 ice beasts
  13 centaurs
  Blork the orc (D:4)
  15 bullfrogs
  A kobold brigand (D:8)
  3 gnoll sergeants
  10 wights
  27 killer bees
  6 howler monkeys
  5 electric eels
  4 hounds
  4 jellies
  42 orc priests
  2 sleepcaps (D:5)
  2 iguanas (D:6)
  Jessica (D:3)
  Ijyb (D:5)
  15 orc wizards
  16 gnolls
  5 adders
  2 shadow imps
  A white imp (D:7)
  2 dart slugs (D:1)
  146 orcs
  9 ball pythons
  5 bats
  4 endoplasms
  3 giant cockroaches
  5 goblins
  7 hobgoblins
  4 jackals (D:3)
  A quokka (D:3)
  3 training dummies (Shoals:2)
  A frilled lizard (D:2)
  7 kobolds
  5 rats
  A tentacle (Shoals:3)
1087 creatures vanquished.

Vanquished Creatures (others)
  2 merfolk impalers (Shoals:4)
  A merfolk aquamancer (Shoals:4)
  An orc wizard (D:6)
  17 tentacles (Shoals:3)
21 creatures vanquished.

Grand Total: 1108 creatures vanquished

Notes
Turn   | Place    | Note
-------+----------+-------------------------------------------
     0 | D:1      | Ambrosia the Minotaur Berserker began the quest for the
                  | Orb.
     0 | D:1      | Reached XP level 1. HP: 19/19 MP: 0/0
   268 | D:1      | Reached XP level 2. HP: 27/27 MP: 1/1
   297 | D:1      | Reached skill level 1 in Shields
   327 | D:1      | Found a faded altar of an unknown god.
   334 | D:1      | Reached skill level 4 in Fighting
   620 | D:2      | Reached ** piety under Trog
   713 | D:2      | Reached XP level 3. HP: 33/33 MP: 2/2
  1471 | D:3      | Noticed Jessica
  1474 | D:3      | Killed Jessica
  1475 | D:3      | Reached XP level 4. HP: 41/41 MP: 3/3
  2586 | D:4      | Noticed Blork the orc
  2594 | D:4      | Killed Blork the orc
  2595 | D:4      | Reached XP level 5. HP: 47/47 MP: 4/4
  2727 | D:4      | Noticed Eustachio
  2746 | D:4      | Killed Eustachio
  2747 | D:4      | Reached skill level 5 in Fighting
  2747 | D:4      | Reached skill level 5 in Polearms
  2747 | D:4      | Reached XP level 6. HP: 56/56 MP: 5/5
  3262 | D:4      | Noticed an ice beast
  3267 | D:4      | Killed an ice beast
  3322 | D:5      | Entered Level 5 of the Dungeon
  3322 | D:5      | Noticed an ice beast
  3322 | D:5      | Found a snail-covered altar of Cheibriados.
  3327 | D:5      | Killed an ice beast
  3328 | D:5      | Reached skill level 5 in Armour
  3328 | D:5      | Reached XP level 7. HP: 62/62 MP: 6/6
  3467 | D:5      | Reached skill level 6 in Fighting
  3469 | D:5      | Reached *** piety under Trog
  3525 | D:5      | Noticed Ijyb
  3539 | D:5      | Killed Ijyb
  3580 | D:5      | Reached skill level 5 in Shields
  4081 | D:5      | Found a staircase to the Ecumenical Temple.
  4128 | Temple   | Entered the Ecumenical Temple
  4540 | D:6      | Found a stormy altar of Qazlal.
  4709 | D:6      | Reached XP level 8. HP: 68/71 MP: 7/7
  5214 | D:6      | Reached skill level 7 in Fighting
  5486 | D:6      | Noticed Grinder
  5507 | D:6      | Paralysed by Grinder for 4 turns
  5525 | D:6      | Killed Grinder
  5854 | D:6      | Reached XP level 9. HP: 54/81 MP: 8/8
  5897 | D:6      | Reached skill level 8 in Fighting
  6734 | D:7      | Reached **** piety under Trog
  6813 | D:7      | Noticed a cyclops
  6830 | D:7      | Killed a cyclops
  7139 | D:7      | Reached skill level 9 in Fighting
  7323 | D:7      | Found Fahakh's Book Shoppe.
  7354 | D:7      | Reached skill level 10 in Fighting
  7716 | D:8      | Reached XP level 10. HP: 60/94 MP: 9/9
  8447 | D:8      | Reached skill level 11 in Fighting
  8812 | D:9      | Found the +0 toga "Victory" {*Victory Clar}
  8833 | D:9      | Noticed a two-headed ogre
  8839 | D:9      | Killed a two-headed ogre
  8850 | D:9      | Reached skill level 12 in Fighting
  9740 | D:10     | Entered Level 10 of the Dungeon
  9784 | D:10     | Reached skill level 13 in Fighting
  9784 | D:10     | Reached skill level 10 in Polearms
 10156 | D:10     | Noticed a smoke demon
 10183 | D:10     | Reached skill level 10 in Armour
 10189 | D:10     | Reached skill level 14 in Fighting
 10189 | D:10     | Reached XP level 11. HP: 97/110 MP: 10/10
 10520 | D:10     | Found a staircase to the Lair.
 11049 | Lair:1   | Entered Level 1 of the Lair of Beasts
 11088 | Lair:1   | Reached skill level 10 in Shields
 11283 | Lair:1   | Reached skill level 15 in Fighting
 11442 | Lair:1   | Identified the +5 ring mail "Xinime Ovits" {rF- Str+9 Dex+2
                  | Slay+2}
 11486 | Lair:1   | Reached ***** piety under Trog
 11621 | Lair:1   | You fall into a shaft and drop 1 floor!
 12280 | Lair:2   | Reached skill level 16 in Fighting
 12401 | Lair:2   | Reached skill level 17 in Fighting
 12429 | Lair:2   | Reached XP level 12. HP: 112/125 MP: 11/11
 12513 | Lair:2   | Found a staircase to the Shoals.
 12875 | Lair:2   | Reached skill level 18 in Fighting
 13109 | Lair:2   | Noticed Erica
 13115 | Lair:2   | Killed Erica
 13302 | Lair:3   | Noticed a death yak
 13304 | Lair:3   | Noticed a death yak
 13304 | Lair:3   | Noticed a death yak
 13313 | Lair:3   | Killed a death yak
 13324 | Lair:3   | Killed a death yak
 13330 | Lair:3   | Killed a death yak
 13333 | Lair:3   | Noticed a catoblepas
 13374 | Lair:3   | Noticed a seven-headed hydra
 13391 | Lair:3   | Killed a seven-headed hydra
 13392 | Lair:3   | Reached skill level 19 in Fighting
 13856 | Lair:3   | Killed a catoblepas
 14097 | Lair:3   | Found a shadowy altar of Dithmenos.
 14100 | Lair:3   | Found a hole to the Spider Nest.
 14178 | Lair:3   | Reached XP level 13. HP: 136/138 MP: 12/12
 14992 | Lair:4   | Found a staircase to the Slime Pits.
 14992 | Lair:4   | Found a viscous altar of Jiyva.
 15055 | Lair:4   | Reached skill level 20 in Fighting
 16022 | Lair:4   | Identified the +10 hand axe of the Blessed Realm {spect,
                  | rCorr Dex+7}
 16057 | Lair:5   | Entered Level 5 of the Lair of Beasts
 16551 | Lair:5   | Received a gift from Trog
 16610 | Lair:5   | Found the +8 trident of the Octopus King {venom, rElec
                  | rPois}
 16647 | Lair:5   | Reached XP level 14. HP: 94/149 MP: 13/13
 17537 | Lair:5   | Reached skill level 21 in Fighting
 18633 | D:7      | Bought a manual of Shields for 960 gold pieces
 18726 | D:11     | Found Keesuev's Distillery.
 18726 | D:11     | Found Qowk's Antique Armour Shop.
 18726 | D:11     | Found Gaesuz's Assorted Antiques.
 18729 | D:11     | Bought 2 potions of heal wounds for 150 gold pieces
 18729 | D:11     | Bought a potion of might for 60 gold pieces
 20447 | D:12     | Found a staircase to the Orcish Mines.
 20837 | D:11     | Bought a scroll labelled CUGAGG UVIEM for 24 gold pieces
 20837 | D:11     | Bought an embroidered hat for 168 gold pieces
 21185 | D:13     | Reached skill level 15 in Shields
 21223 | D:13     | Found a gate to the Vaults.
 21223 | D:13     | Noticed an ironbound preserver
 21233 | D:13     | Killed an ironbound preserver
 21485 | D:13     | Reached ****** piety under Trog
 22603 | D:14     | Noticed Nessos
 22608 | D:14     | Killed Nessos
 22741 | D:14     | Noticed Louise
 22748 | D:14     | Killed Louise
 22859 | D:14     | Reached skill level 15 in Polearms
 23077 | D:14     | Identified the orb "Teaf" {guile, Dex+2}
 23093 | D:14     | Noticed Roxanne
 23110 | D:14     | Killed Roxanne
 23360 | D:14     | Received a gift from Trog
 23406 | D:14     | Noticed Snorg
 23412 | D:14     | Killed Snorg
 23501 | D:14     | Reached skill level 15 in Armour
 23558 | D:14     | Reached XP level 15. HP: 150/159 MP: 14/14
 23774 | D:15     | Entered Level 15 of the Dungeon
 24280 | D:15     | Found a staircase to the Depths.
 24614 | Orc:1    | Entered Level 1 of the Orcish Mines
 24728 | Orc:1    | Found Sycraleva's Antique Weapon Shoppe.
 25044 | Orc:1    | Received a gift from Trog
 25510 | Orc:2    | Entered Level 2 of the Orcish Mines
 25631 | Orc:2    | Reached skill level 22 in Fighting
 25980 | Orc:2    | Received a gift from Trog
 26189 | Orc:2    | Found Yfava's General Store.
 26230 | Orc:2    | Found Hysty's Armour Emporium.
 26639 | Orc:2    | Found Nyzeto's Book Emporium.
 26961 | Orc:2    | Received a gift from Trog
 26995 | Orc:2    | Found Lifemis's Armour Boutique.
 27003 | Orc:2    | Bought the -2 hat of the Alchemist {rElec rPois rF+ rC+ rN+
                  | Will+ rMut rCorr} for 613 gold pieces
 27003 | Orc:2    | Found the -2 hat of the Alchemist {rElec rPois rF+ rC+ rN+
                  | Will+ rMut rCorr}
 27153 | Orc:2    | Found a staircase to the Elven Halls.
 27800 | Shoals:1 | Entered Level 1 of the Shoals
 28013 | Shoals:1 | Reached XP level 16. HP: 170/170 MP: 15/15
 29440 | Shoals:2 | Found Pigeus's Firing Range.
 29544 | Shoals:3 | Received a gift from Trog
 30379 | Shoals:3 | Noticed a kraken
 30856 | Shoals:4 | Entered Level 4 of the Shoals
 31046 | Shoals:4 | Received a gift from Trog
 31137 | Shoals:4 | Got a barnacled rune of Zot
 32191 | Shoals:4 | Reached skill level 23 in Fighting
 32279 | Shoals:4 | Noticed Polyphemus
 32694 | Shoals:4 | Reached XP level 17. HP: 179/179 MP: 16/16
 32930 | Spider:1 | Entered Level 1 of the Spider Nest
 33093 | Spider:1 | Noticed Frances
 33110 | Spider:1 | Killed Frances
 33339 | Spider:1 | Identified a scroll of acquirement
 33340 | Spider:1 | Acquired a manual of Dodging
 33732 | Spider:2 | Received a gift from Trog
 33837 | Spider:2 | Reached skill level 5 in Dodging
 34482 | Spider:2 | Noticed Arachne
 34499 | Spider:2 | Killed Arachne
 35663 | Spider:3 | Received a gift from Trog
 35674 | Spider:3 | Noticed Mlioglotl
 35691 | Spider:3 | Killed Mlioglotl
 36408 | Spider:4 | Entered Level 4 of the Spider Nest
 36717 | Spider:4 | Reached skill level 10 in Dodging
 37449 | Spider:4 | Identified the +12 broad axe of Frustration {flame, rPois}
                  | (Trog gifted it to you on level 4 of the Spider Nest)
 37449 | Spider:4 | Received a gift from Trog
 37708 | Spider:4 | Reached XP level 18. HP: 170/190 MP: 17/17
 37911 | Spider:4 | HP: 1/190 [wolf spider (12)]
 37911 | Spider:4 | Mangled by a redback

Illustrated notes

Levels and vault maps discovered:
D:1:      ebering_trefoil_3fold, layout_rooms, ebering_ecumenical_altar_box,
          chequers_mini_garden, hangedman_decor_push, chequers_jeans,
          minmay_statues_item
D:2:      layout_basic, uniq_natasha
D:3:      layout_basic, nicolae_overflow_hidden_temple, minmay_quantized,
          uniq_jessica
D:4:      layout_gridville, uniq_blork_the_orc, uniq_eustachio
D:5:      layout_loops_ring, mainiacjoe_overflow_tiny_flanked,
          minmay_temple_entry_crystal_x, uniq_ijyb
D:6:      layout_basic, grunt_qazlal_sundering, lightli_minifort, uniq_grinder
D:7:      layout_cave_pools, serial_shops, nicolae_square_shop,
          minmay_manual_mail
D:8:      layout_loops_ring
D:9:      layout_gridville
D:10:     layout_stronghold, hellmonk_lair_entry_icy
D:11:     layout_loops_ring, serial_library_hellmonk_u_bend,
          nicolae_shop_distant_corner_stores
D:12:     layout_basic, hiddenorc2_lemuel, nicolae_zen_rock_garden,
          minmay_misc_feat_nine_boxes
D:13:     layout_long_grid, skrybe_vaults_entry_preservation
D:14:     layout_loops_ring, amcnicky_mini_rare_corridor_liquid,
          nicolae_looking_at_the_future, uniq_roxanne, uniq_louise, uniq_snorg,
          uniq_nessos
D:15:     gammafunk_enter_depths_forms, layout_long_grid
Temple:   nicolae_temple_bog_church
Lair:1:   layout_regular_city, lemuel_old_faithful
Lair:2:   layout_chaotic_city, shoals_dummy_entry,
          chequers_serial_rivers_micro_a, forest_entry_grove,
          grunt_megastairs_3, lemuel_fruit_fields, uniq_erica
Lair:3:   layout_chaotic_city, spider_nest_entry_rubble, basic_altar,
          chequers_serial_rivers_large_b
Lair:4:   dreamdust_cave_troll, layout_cave_pods, minmay_slime_entry_pillars,
          gammafunk_lair_bear_cave, serial_bayou_shore_a, lemuel_fruit_tree
Lair:5:   gammafunk_lair_ancient_temple, layout_hall_layers
Shoals:1: layout_shoals, nicolae_shoals_lost_giant_baths,
          nicolae_shoals_goliath_grotto
Shoals:2: layout_shoals, nicolae_shop_firing_range
Shoals:3: layout_shoals, abandoned_shop, nicolae_shoals_cliffside_cave
Shoals:4: shoals_end_simple, layout_shoals, uniq_polyphemus
Spider:1: layout_spider_delve, uniq_frances
Spider:2: layout_spider_delve, uniq_arachne
Spider:3: layout_cave_pods, nicolae_spider_eight_legs, uniq_mlioglotl
Spider:4: grunt_spider_rune_parallel, nicolae_spider_moth_buddies
Orc:1:    cheibrodos_orc_arena, layout_caves, serial_shops, nicolae_square_shop,
          minmay_orc_temple_c
Orc:2:    pubby_orc_utopia

Skill      XL: |  1  2  3  4  5  6  7  8  9 10 11 12 13 14 15 16 17 |
---------------+----------------------------------------------------+-----
Shields        | 1 2 3 4 5 6 8 9 11 12 13 17 20 22 | 22.7
Fighting       | 4 5 6 7 10 14 17 19 20 21 22 23 | 23.7
Polearms       | 4 5 6 7 9 10 11 12 13 15 16 17 18 | 18.3
Armour         | 3 4 5 6 7 8 10 11 12 13 15 16 17 18 | 18.1
Dodging        | 3 11 | 11.7

Action                     |  1- 3 |  4- 6 |  7- 9 | 10-12 | 13-15 | 16-18 || total
---------------------------+-------+-------+-------+-------+-------+-------++-------
  Melee: Spear             |    84 |    53 |       |       |       |       ||   137
         Headbutt          |     9 |     8 |    30 |   120 |   240 |   193 ||   600
         Trident           |       |    44 |   234 |   542 |  1346 |  1120 ||  3286
         Punch             |       |     1 |       |       |       |       ||     1
         Halberd           |       |       |    54 |       |       |       ||    54
  Throw: Throwing net      |       |       |       |       |     1 |       ||     1
 Invoke: Berserk           |       |     3 |     5 |    12 |     9 |    13 ||    42
  Evoke: Wand              |       |       |       |       |     2 |     3 ||     5
         Phial of floods   |       |       |       |       |       |     1 ||     1
    Use: Scroll            |     4 |     2 |     8 |    11 |    19 |     9 ||    53
         Potion            |       |       |     4 |     7 |     9 |     6 ||    26
   Stab: Petrified         |       |       |       |     3 |       |       ||     3
         Distracted        |       |       |       |       |     1 |       ||     1
         Invisible         |       |       |       |       |       |     3 ||     3
         Held in net/web   |       |       |       |       |       |     1 ||     1
 Armour: Scale mail        |    44 |    45 |       |       |       |       ||    89
         Chain mail        |       |     4 |   177 |       |       |       ||   181
         Plate armour      |       |       |    69 |   160 |       |       ||   229
         Ring mail         |       |       |       |   210 |   353 |   309 ||   872
  Dodge: Dodged            |    27 |    33 |   109 |   174 |   282 |   349 ||   974
  Block: Kite shield       |       |       |    71 |   331 |   699 |   830 ||  1931

Table legend: (Time is in decaauts)
 A = Elapsed time spent in this place.
 B = Non-inter-level travel time spent in this place.
 C = Inter-level travel time spent in this place.
 D = Time resting spent in this place.
 E = Time spent auto-exploring this place.
 F = Levels seen in this place.
 G = Mean time per level.
                   A        B        C        D        E       F      G
               +--------+--------+--------+--------+--------+-----+--------+
         Total |  37747 |  35836 |   1911 |   6965 |  22926 |  31 | 1217.6 |
       Dungeon |  17022 |  16079 |    943 |   3533 |  10223 |  15 | 1134.8 |
        Temple |      1 |      1 |      0 |      0 |      0 |   1 |    1.0 |
          Lair |   7731 |   7156 |    575 |   1062 |   4701 |   5 | 1546.2 |
        Shoals |   5278 |   5084 |    194 |    939 |   3236 |   4 | 1319.5 |
   Spider Nest |   4824 |   4766 |     58 |   1252 |   2888 |   4 | 1206.0 |
  Orcish Mines |   2888 |   2749 |    139 |    177 |   1875 |   2 | 1444.0 |
               +--------+--------+--------+--------+--------+-----+--------+

Top non-repeatable levels by time:
  Lair:5: 2435 daAuts
     D:6: 2314 daAuts
Shoals:4: 2037 daAuts
   Orc:2: 1987 daAuts
    D:10: 1582 daAuts
Spider:3: 1513 daAuts
  Lair:3: 1469 daAuts
    D:12: 1450 daAuts
Spider:4: 1424 daAuts
Shoals:3: 1400 daAuts
  Lair:4: 1395 daAuts
     D:3: 1345 daAuts
    D:14: 1267 daAuts
  Lair:1: 1258 daAuts
     D:9: 1208 daAuts
